Get step-by-step instructions on how to execute this build order below. Start the game timer, and the build order will tick by so you can play in parallel with StarCraft on a second screen or mobile device.

Game Time

  0:00

Last Step

  N/A

Next Step

  12  0:00  Probe  

Upcoming Step

  13  0:13  Probe  

Don't want to look back and forth between 2 screens? Try out our Overwolf App, the Spawning Tool Build Advisor to get an in-game overlay with this build!

Complete Build Order

  12  0:00  Probe  
  13  0:13  Probe  
  14  0:18  Pylon  
  14  0:25  Probe  
  15  0:33  Probe  
  15  0:38  Gateway  
  15  0:41  Probe  
  16  0:48  Assimilator  
  17  0:51  Probe  
  18  1:03  Probe  
  19  1:15  Probe  
  20  1:25  Cybernetics Core  
  20  1:37  Nexus  
  20  1:43  Pylon  
  20  1:48  Probe  
  20  1:52  Adept  
  20  1:54  Assimilator  
  21  2:00  Probe  
  22  2:06  Warp Gate  
  24  2:12  Probe  
  24  2:13  Adept  
  27  2:24  Probe  
  28  2:36  Probe  
  28  2:41  Twilight Council  
  28  2:48  Probe  
  28  2:50  Probe  
  28  2:51  Blink  
  29  2:58  Probe  
  29  3:01  Probe  
  31  3:06  Probe  
  31  3:08  Gateway  
  32  3:13  Probe  
  32  3:18  Probe  
  34  3:25  Probe  
  35  3:30  Probe  
  35  3:31  Robotics Facility  
  36  3:37  Probe  
  37  3:42  Probe  
  37  3:46  Gateway  
  38  3:49  Probe  
  38  3:55  Probe  
  40  3:56  Stalker  
  40  4:01  Probe  
  43  4:03  Stalker  
  43  4:06  Pylon  
  43  4:07  Probe  
  46  4:16  Pylon  
  46  4:17  Assimilator  
  46  4:24  Probe x2  
  48  4:26  Warp Prism  
  50  4:31  Shield Battery  
  50  4:36  Pylon, Probe  
  51  4:40  Stalker  
  53  4:55  Stalker  
  54  5:00  Probe  
  54  5:05  Stalker x2  
  54  5:06  Probe  
  58  5:13  Probe  
  58  5:19  Stalker, Probe  
  61  5:42  Stalker x3  
  66  5:47  Nexus  
  66  5:54  Pylon, Probe x2  
  68  5:59  Observer  
  68  6:01  Charge  
  69  6:06  Probe  
  69  6:07  Immortal  
  69  6:10  Pylon  
  70  6:12  Probe  
  70  6:14  Forge  
  70  6:18  Probe  
  72  6:24  Probe  
  77  6:30  Probe  
  77  6:31  Zealot x2  
  82  6:36  Probe  
  82  6:39  Zealot  
  83  6:42  Probe  
  83  6:44  Gateway  
  83  6:46  Pylon  
  84  6:48  Protoss Ground Weapons Level 1, Probe  
  85  6:56  Probe  
  85  6:58  Probe  
  85  7:01  Gateway, Probe  
  86  7:08  Probe x2  
  86  7:10  Gateway  
  86  7:14  Robotics Bay  
  87  7:18  Probe  
  87  7:19  Probe  
  87  7:21  Zealot x2  
  93  7:24  Probe  
  93  7:29  Observer  
  95  7:36  Gateway  
  95  7:37  Pylon  
  95  7:40  Nexus, Photon Cannon  
  95  7:41  Probe  
  95  7:43  Pylon  
  96  7:47  Gateway  
  96  7:50  Pylon  
  96  8:00  Zealot x4  
  96  8:02  Probe  
  96  8:03  Probe  
  96  8:04  Pylon  
  106  8:08  Photon Cannon, Probe  
  107  8:12  Templar Archives, Immortal  
  107  8:14  Probe  
  107  8:15  Probe  
  109  8:20  Photon Cannon  
  109  8:26  Probe  
  112  8:27  Probe  
  112  8:39  Probe  
  113  8:41  Zealot x6  
  113  8:43  Immortal  
  126  8:48  Robotics Facility  
  126  8:50  High Templar x2  
  126  8:51  Probe  
  134  8:57  Archon  
  134  8:58  Probe  
  136  9:08  Stalker  
  136  9:10  Stalker x2  
  140  9:19  Probe  
  140  9:21  High Templar x2  
  140  9:22  Zealot x3  
  140  9:23  Immortal  
  151  9:25  Photon Cannon  
  151  9:28  Probe  
  151  9:29  Probe  
  156  9:38  Gateway  
  156  9:41  Pylon  
  156  9:48  Pylon  
  156  9:56  Immortal  
  156  9:57  Zealot  
  156  9:59  Archon  
  156  10:08  Probe  
  156  10:11  Zealot x3  
  156  10:12  Zealot x4  
  156  10:13  Immortal  
  101  10:28  Zealot  
  101  10:34  Zealot x8  
  85  10:50  Zealot  
  85  10:54  Zealot x4  
  85  10:55  Zealot x3